 Dungeon Crawl Stone Soup version 0.24.0-28-g17ded55e90 (webtiles) character file.

Game seed: 5748570937000652549, levelgen mode: deterministic

272824 Flugslaktarn the Severer (level 19, -4/181 HPs)
             Began as a Deep Dwarf Fighter on Nov 12, 2019.
             Was the Champion of Makhleb.
             Killed from afar by an ancient lich (79 damage)
             ... with a crystal spear
             ... on level 5 of the Vaults.
             The game lasted 00:20:55 (18794 turns).

Flugslaktarn the Severer (Deep Dwarf Fighter)      Turns: 18794, Time: 00:20:56

Health: -4/181     AC: 21    Str: 31    XL:     19   Next: 49%
Magic:  22/22      EV: 15    Int: 10    God:    Makhleb [******]
Gold:   752        SH: 28    Dex: 12    Spells: 18/18 levels left

rFire    + . .     SeeInvis +   G - +14 obsidian axe {chop, +Fly SInv *Curse} (curse)
rCold    + . .     Gourm    .   L - +5 large shield {rF+}
rNeg     + . .     Faith    +   S - +2 chain mail {MR+}
rPois    +         Spirit   .   p - +2 helmet
rElec    .         Reflect  .   Z - +0 cloak {MR+}
rCorr    .         Harm     .   C - +0 pair of gloves "Virer" {rPois rC+}
MR       ++++.                  y - +1 pair of boots
Stlth    ..........             P - amulet of faith
HPRegen  0.00/turn              R - +4 ring of strength
MPRegen  0.18/turn              v - +5 ring of evasion

@: lethally poisoned (-4 -> -4), corroded, mesmerised, non-regenerating, lightly
drained
A: damage resistance, heal wounds, negative energy resistance 1, sense
surroundings 3, no regeneration
}: 2/15 runes: decaying, gossamer
a: Heal Wounds, Minor Destruction, Lesser Servant of Makhleb, Major Destruction,
Greater Servant of Makhleb, Renounce Religion, Evoke Flight


You were on level 5 of the Vaults.
You worshipped Makhleb.
Makhleb was exalted by your worship.
You were not hungry.

You visited 7 branches of the dungeon, and saw 36 of its levels.
You also visited: Sewer, Ice Cave and Volcano.

You collected 1984 gold pieces.
You spent 1232 gold pieces at shops.

Inventory:

Hand Weapons
 E - a +3 broad axe of freezing
   (You found it on level 7 of the Dungeon)
 G - the cursed +14 obsidian axe (weapon) {chop, +Fly SInv *Curse}
   (You acquired it on level 5 of the Lair of Beasts)

   It inflicts extra damage upon your enemies.
   It lets you see invisible.
   It lets you fly.
   It curses itself when equipped.
   It has a curse placed upon it.
Missiles
 o - 3 throwing nets (quivered)
Armour
 p - a +2 helmet (worn)
   (You found it on level 4 of the Dungeon)
 y - a +1 pair of boots (worn)
   (You found it on level 6 of the Dungeon)
 C - the +0 pair of gloves "Virer" (worn) {rPois rC+}
   (You bought it in a shop on level 2 of the Vaults)

   It protects you from cold.
   It protects you from poison.
 K - +0 fire dragon scales
   (You found it in a volcano)
 L - a +5 large shield of fire resistance (worn)
   (You found it in a volcano)
 S - a +2 chain mail of magic resistance (worn)
   (You found it on level 12 of the Dungeon)
 Z - a +0 cloak of magic resistance (worn)
   (You found it on level 13 of the Dungeon)
Jewellery
 m - an uncursed ring of protection from magic
   (You took it off an orc on level 12 of the Dungeon)
 u - an uncursed ring of fire
   (You found it on level 14 of the Dungeon)
 v - a +5 ring of evasion (right hand)
   (You found it on level 12 of the Dungeon)
 P - an amulet of faith (around neck)
   (You found it on level 2 of the Vaults)
 R - a +4 ring of strength (left hand)
   (You found it on level 12 of the Dungeon)
Wands
 b - a wand of iceblast (3)
   (You found it on level 2 of the Lair of Beasts)
 B - a wand of digging (11)
   (You found it on level 2 of the Lair of Beasts)
 D - a wand of enslavement (9)
   (You found it on level 7 of the Dungeon)
 J - a wand of paralysis (10)
   (You found it on level 12 of the Dungeon)
 M - a wand of scattershot (7)
   (You found it on level 5 of the Lair of Beasts)
Scrolls
 c - 5 scrolls of immolation
 f - 3 scrolls of fog
 j - 8 scrolls of remove curse
 l - 3 scrolls of magic mapping
 r - 6 scrolls of identify
 t - 8 scrolls of teleportation
 z - 2 scrolls of blinking
 H - a scroll of vulnerability
 Q - a scroll of summoning
 T - 5 scrolls of fear
 X - a scroll of holy word
 Y - a scroll of silence
Potions
 d - 6 potions of might
 g - 3 potions of lignification
 h - 3 potions of haste
 k - 13 potions of flight
 n - 4 potions of resistance
 q - 12 potions of curing
 s - 5 potions of agility
 w - 3 potions of heal wounds
 x - 4 potions of brilliance
 F - 5 potions of ambrosia
 I - a potion of berserk rage
 N - 3 potions of invisibility
 O - 5 potions of cancellation
 U - a potion of mutation
Miscellaneous
 A - a phantom mirror
Comestibles
 e - 32 rations
 V - 83 chunks of flesh


   Skills:
 + Level 13.9(13.5) Fighting
 - Level 18.0(17.5) Axes
 + Level 16.1(15.7) Armour
 - Level 6.0(5.6) Dodging
 + Level 17.4(17.0) Shields
 - Level 16.0(15.5) Invocations
 - Level 10.0(9.6) Evocations


You had 18 spell levels left.
You didn't know any spells.
Your spell library was empty.

Dungeon Overview and Level Annotations

Branches:
Dungeon (14/15)            Temple (1/1) D:4            Lair (6/6) D:8
  Swamp (4/4) Lair:2       Spider (4/4) Lair:4        Slime (0/5) Lair:5
    Orc (2/2) D:10            Elf (0/3) Orc:2        Vaults (5/5) D:14
  Crypt (0/3) Vaults:3      Sewer (visited)           IceCv (visited)
Volcano (visited)

Altars:
Cheibriados
Elyvilon
Fedhas
Gozag
Kikubaaqudgha
Makhleb
Nemelex Xobeh
Okawaru
Ru
Vehumet
Wu Jian
Xom
Zin
Beogh
Jiyva

Shops:
D:8 (   D:11 *?   D:12 *   Orc:2 :}!(   Vaults:2 *

Portals:
Trove: D:13 (give horn of Geryon)


Innate Abilities, Weirdness & Mutations

You are resistant to damage.
You can heal yourself by infusing magical energy.
You resist negative energy. (rN+)
You passively map a large area around you.
You do not regenerate.


Message History

You barely miss the shadow dragon. You slash the stone giant!
You closely miss the shadow dragon. You slice the tengu reaver!!
Visions of slaying the ghoul flood into your mind.
The orc warrior's soul is no longer bound.
You block the ancient lich's attack. You block the tengu reaver's attack.
The tengu reaver pecks you but does no damage.
You block the tengu reaver's attack. The ghoul closely misses you.
The ghoul claws you but does no damage. You block the shadow dragon's attack.
The shadow dragon claws you! The shadow dragon barely misses you.
The deep elf high priest prays.
You completely miss the ancient lich.
The ancient lich is heavily damaged.
You miss the tengu reaver. You hit the shadow dragon.
You slice the stone giant!!
You hit the shadow dragon but do no damage.
You slice the orc warrior!!
Your shield and chain mail prevent you from hitting the ghoul.
The ancient lich points at you and mumbles some strange words.
The crystal spear hits you!!!!
You die...

, ,,, *, ,, * *
#..........# * *** **
#######.)).....### , , ,
.......)))<<...... , , ,
,......)).<..<..... , ,
.......)))<<...... , ,,
,, ..........)....... *
*#############........###
,
.e..e*Q.D)..............
,,
D##oWL@C.....#......### ,
, , #ZpnoD.)...#....#.# *
,* ,#pZo##'##..#....#.# ,
* , ,#.oO ,..#..#..(.# #
* , , ***#... .#..#....#
,* * .....*, .#..#..(.#,
,, ...... #..#..(.# ,
*###..., ,, #..(.# * * ,
,, , ,,#.)(.# *


You could see a ghoul, 2 shadow dragons, an ancient lich, a stone giant, a tengu
reaver, an orc knight, a deep elf archer, a deep elf high priest, an ironbrand
convoker, a necromancer, a wraith, 3 orc warriors, an ogre, a battlesphere, a
deep troll simulacrum and a tengu reaver skeleton.

Vanquished Creatures
  Mara (Vaults:2)
  Margery (Vaults:4)
  A thorn hunter (Swamp:4)
  A storm dragon (Vaults:4)
  4 vault wardens
  3 ghost moths
  4 emperor scorpions
  3 ironheart preservers
  An entropy weaver (Spider:4)
  A deep elf demonologist (Vaults:5)
  A deep elf annihilator (Vaults:5)
  2 stone giants
  A red draconian (Volcano)
  A spark wasp (Spider:3)
  An ettin (Vaults:5)
  A great orb of eyes (Vaults:2)
  Josephine (D:11)
  2 yaktaur captains
  5 shambling mangroves
  22 vault guards
  9 hydras
  3 catoblepae (Lair:6)
  4 ghost crabs
  2 centaur warriors
  A death knight (Vaults:1)
  4 ogre magi
  24 two-headed ogres
  11 death yaks
  7 alligators
  A deep troll earth mage (Vaults:2)
  4 hell knights (Vaults:4)
  A skeletal warrior (Vaults:1)
  A salamander mystic (Volcano)
  A fire crab (shapeshifter) (D:14)
  A storm dragon skeleton (Vaults:5)
  2 spriggan druids
  2 wizards (Vaults:1)
  A death drake (shapeshifter) (D:14)
  6 deep trolls
  4 unseen horrors
  An orange crystal statue (D:12)
  8 swamp dragons
  5 ironbrand convokers
  3 necromancers
  2 orc knights
  5 harpies (Vaults:1)
  2 phantasmal warriors
  7 ugly things
  8 orb spiders
  A salamander (shapeshifter) (Vaults:4)
  26 wolf spiders
  A human zombie (Vaults:1)
  6 salamanders (Volcano)
  2 orc sorcerers
  2 manticores (Lair:6)
  3 cyclopes
  10 elephants
  5 black mambas
  2 torpor snails
  5 vault sentinels
  10 spiny frogs
  A gargoyle (D:13)
  2 centaur skeletons (D:13)
  7 demonic crawlers
  A kobold demonologist (D:12)
  6 komodo dragons
  4 freezing wraiths
  2 rime drakes
  16 yaktaurs
  A guardian mummy (D:13)
  A yaktaur skeleton (Vaults:1)
  4 trolls
  18 jumping spiders
  6 tyrant leeches
  Grinder (D:6)
  28 hornets
  2 polar bears
  16 slime creatures
  11 hippogriffs
  20 blink frogs
  A small abomination (Vaults:5)
  3 bog bodies (Swamp:4)
  12 tarantellas
  43 redbacks
  A shadow (Swamp:2)
  2 vampires
  4 spriggans
  A wyvern (D:14)
  5 wraiths
  56 yaks
  3 fire bats (Lair:4)
  4 basilisks
  2 wargs
  4 vampire mosquitoes
  A deep troll zombie (Vaults:1)
  An acid dragon (D:11)
  A soldier ant (D:13)
  15 water moccasins
  8 swamp worms
  12 orc warriors
  4 porcupines
  A black bear (D:13)
  5 ice beasts
  2 phantoms
  5 sky beasts
  8 swamp drakes
  A necrophage (D:8)
  A black bear (shapeshifter) (Vaults:2)
  15 wolves
  An eye of draining (D:9)
  36 ogres
  10 centaurs
  11 crocodiles
  A big kobold (Sewer)
  A gnoll sergeant (D:9)
  17 bullfrogs
  A wyvern zombie (D:12)
  5 scorpions
  13 wights
  2 howler monkeys
  4 electric eels
  9 crimson imps
  3 centaur zombies
  A human simulacrum (Vaults:1)
  4 hounds
  2 jellies
  2 bullfrog zombies (D:12)
  A gnoll shaman (D:4)
  Crazy Yiuf (D:6)
  12 orc priests
  2 bullfrog skeletons
  2 iguanas
  Natasha (twice) (D:3)
  17 orc wizards
  10 worker ants
  A worker ant zombie (D:5)
  9 gnolls
  9 adders
  A shadow imp (D:11)
  2 adder zombies
  A worm (D:5)
  2 dart slugs
  4 leopard geckos
  76 orcs
  5 giant cockroaches
  2 goblins (D:2)
  2 hobgoblins
  6 jackals
  6 quokkas
  4 bats
  2 frilled lizards
  11 kobolds
  A leopard gecko zombie (D:9)
  8 rats
  3 briar patches (Swamp:4)
  2 crawling corpses (Vaults:5)
  4 fungi
  A plant (Lair:6)
960 creatures vanquished.

Vanquished Creatures (collateral kills)
  Frederick (Vaults:2)
  An entropy weaver (Spider:3)
  A stone giant (Vaults:2)
  10 hydras
  Fannar (D:11)
  2 yaktaur captains (Vaults:1)
  A shambling mangrove (Swamp:4)
  A ghost crab (Swamp:1)
  A catoblepas (Lair:6)
  4 vault guards (Vaults:5)
  5 ogre magi
  2 alligators
  9 two-headed ogres
  3 death yaks (Lair:6)
  A deep troll earth mage (Vaults:2)
  4 deep trolls (Vaults:2)
  3 swamp dragons (Swamp:4)
  A spriggan druid (Swamp:4)
  A necromancer (Vaults:4)
  3 wolf spiders
  3 orb spiders
  An ugly thing (Vaults:1)
  6 elephants (Lair:6)
  A vault sentinel (Vaults:1)
  2 torpor snails
  A guardian serpent (shapeshifter) (Vaults:4)
  A black mamba (Lair:6)
  2 spiny frogs
  A komodo dragon (Lair:6)
  A rime drake (shapeshifter) (D:14)
  A demonic crawler (Spider:3)
  11 yaktaurs
  A troll (D:13)
  6 jumping spiders
  2 tyrant leeches
  3 hornets
  4 blink frogs (Lair:6)
  A bog body (Swamp:4)
  A hippogriff (Lair:6)
  5 slime creatures
  14 redbacks
  7 tarantellas
  A spriggan (Swamp:4)
  11 yaks
  A steam dragon (D:12)
  3 vampire mosquitoes (Swamp:3)
  A warg (Vaults:5)
  A swamp worm (Swamp:3)
  2 water moccasins (Lair:6)
  2 orc warriors
  3 swamp drakes (Swamp:4)
  6 wolves
  8 ogres
  2 centaurs
  2 orc priests
  A worker ant (D:14)
  An iguana (D:10)
  3 gnolls
  A shadow imp (D:9)
  8 orcs
  A fungus (Lair:6)
188 creatures vanquished.

Vanquished Creatures (others)
  A ghost moth (Spider:4)
  A hydra (Swamp:4)
  A tyrant leech (Swamp:4)
  A hornet (Swamp:4)
  2 wolves (Lair:1)
  A human (D:5)
  3 fungi
  A plant (Lair:2)
11 creatures vanquished.

Grand Total: 1159 creatures vanquished

Notes
Turn   | Place    | Note
-------+----------+-------------------------------------------
     0 | D:1      | Flugslaktarn the Deep Dwarf Fighter began the quest for the
                  | Orb.
     0 | D:1      | Reached XP level 1. HP: 20/20 MP: 1/1
   168 | D:1      | Reached XP level 2. HP: 27/27 MP: 2/2
   283 | D:2      | Reached skill level 3 in Axes
   283 | D:2      | Reached XP level 3. HP: 27/34 MP: 3/3
   391 | D:3      | Reached XP level 4. HP: 32/42 MP: 4/4
   391 | D:3      | Noticed Natasha
   402 | D:3      | Killed Natasha
   432 | D:3      | Noticed Natasha
   442 | D:3      | Killed Natasha
   442 | D:3      | Reached skill level 4 in Axes
   442 | D:3      | Reached XP level 5. HP: 38/49 MP: 4/4
   478 | D:3      | Found an iron altar of Okawaru.
   578 | D:3      | Found a faded altar of an unknown god.
   710 | D:4      | Found a staircase to the Ecumenical Temple.
   722 | Temple   | Entered the Ecumenical Temple
   802 | Temple   | Became a worshipper of Makhleb the Destroyer
   844 | D:4      | You fall into a shaft and drop 1 floor!
   844 | D:5      | Entered Level 5 of the Dungeon
   881 | D:5      | Reached XP level 6. HP: 51/56 MP: 4/4
   912 | D:5      | Noticed an ice beast
   927 | D:5      | Killed an ice beast
   927 | D:5      | Reached skill level 1 in Invocations
   951 | D:5      | Found an ancient bone altar of Kikubaaqudgha.
   952 | D:5      | Noticed a human
   955 | D:5      | Killed a human
   972 | D:5      | Reached skill level 5 in Axes
  1058 | D:5      | Reached XP level 7. HP: 36/64 MP: 6/6
  1069 | D:5      | Found a white marble altar of Elyvilon.
  1369 | D:5      | Found a glowing drain.
  1376 | Sewer    | Entered a sewer
  1458 | Sewer    | Found a white marble altar of Elyvilon.
  1567 | D:4      | Reached skill level 5 in Armour
  1567 | D:4      | Reached skill level 5 in Shields
  1639 | D:4      | Reached * piety under Makhleb
  1646 | D:4      | Reached skill level 6 in Axes
  1793 | D:4      | Reached XP level 8. HP: 48/73 MP: 7/7
  1896 | D:4      | You fall into a shaft and drop 1 floor!
  2292 | D:6      | Noticed Grinder
  2296 | D:6      | Paralysed by Grinder for 2 turns
  2306 | D:6      | Paralysed by Grinder for 7 turns
  2324 | D:6      | Killed Grinder
  2385 | D:6      | Reached skill level 7 in Axes
  2668 | D:6      | Reached skill level 5 in Fighting
  2751 | D:6      | Reached ** piety under Makhleb
  2838 | D:6      | Found a runed translucent door.
  2839 | D:6      | Noticed Crazy Yiuf
  2844 | D:6      | Killed Crazy Yiuf
  2844 | D:6      | Reached skill level 5 in Invocations
  2938 | D:7      | Gained mutation: You passively map the area around you.
                  | [Deep Dwarf growth]
  2938 | D:7      | Reached XP level 9. HP: 65/81 MP: 9/9
  2965 | D:7      | Reached skill level 8 in Axes
  3627 | D:7      | Found an opulent altar of Gozag.
  3836 | D:8      | Noticed a two-headed ogre
  3839 | D:8      | Noticed a two-headed ogre
  3861 | D:8      | Killed a two-headed ogre
  3861 | D:8      | Reached skill level 9 in Axes
  3942 | D:8      | Found a glowing silver altar of Zin.
  4019 | D:8      | Noticed an elephant
  4020 | D:8      | Found a staircase to the Lair.
  4043 | D:8      | Reached *** piety under Makhleb
  4048 | D:8      | Reached XP level 10. HP: 44/91 MP: 11/11
  4057 | D:8      | Killed an elephant
  4217 | D:8      | Found Bagoh's Antique Weapon Boutique.
  4247 | D:8      | Noticed a two-headed ogre
  4263 | D:8      | Killed a two-headed ogre
  4263 | D:8      | Reached skill level 10 in Axes
  4451 | D:8      | Found a sacrificial altar of Ru.
  4691 | Lair:1   | Entered Level 1 of the Lair of Beasts
  4742 | Lair:1   | Reached skill level 11 in Axes
  4753 | Lair:1   | Reached XP level 11. HP: 78/100 MP: 11/11
  4764 | Lair:1   | Noticed a six-headed hydra
  4786 | Lair:1   | Killed a six-headed hydra
  5032 | Lair:1   | Reached **** piety under Makhleb
  5055 | Lair:1   | Noticed an eight-headed hydra
  5075 | Lair:1   | Killed an eight-headed hydra
  5391 | Lair:2   | Reached skill level 12 in Axes
  5397 | Lair:2   | Found a frozen archway.
  5419 | IceCv    | Entered an ice cave
  5555 | Lair:2   | Found a staircase to the Swamp.
  6263 | Lair:3   | Reached XP level 12. HP: 95/110 MP: 13/13
  6266 | Lair:3   | Reached skill level 10 in Invocations
  6698 | Lair:4   | Reached skill level 1 in Dodging
  6735 | Lair:4   | Reached skill level 13 in Axes
  6799 | Lair:4   | Found a hole to the Spider Nest.
  6929 | Lair:4   | Reached ***** piety under Makhleb
  6929 | Lair:4   | Reached skill level 10 in Shields
  6936 | Lair:4   | Reached skill level 10 in Armour
  7220 | Lair:4   | Found a dark tunnel.
  7232 | Volcano  | Entered a volcano
  7399 | Volcano  | Noticed a red draconian
  7412 | Volcano  | Killed a red draconian
  7459 | Lair:4   | Reached skill level 14 in Axes
  7459 | Lair:4   | Reached XP level 13. HP: 107/121 MP: 13/13
  7460 | Lair:4   | Gained mutation: You resist negative energy. (rN+) [Deep
                  | Dwarf growth]
  7460 | Lair:4   | Reached XP level 14. HP: 114/129 MP: 14/14
  7604 | Lair:5   | Found a viscous altar of Jiyva.
  7604 | Lair:5   | Found a staircase to the Slime Pits.
  7763 | Lair:5   | Reached skill level 5 in Dodging
  7766 | Lair:5   | Reached XP level 15. HP: 93/135 MP: 15/15
  7907 | Lair:5   | Found an iron altar of Okawaru.
  8305 | Lair:5   | Identified a scroll of acquirement
  8306 | Lair:5   | Found the +14 obsidian axe {chop, +Fly SInv *Curse}
  8335 | Lair:6   | Entered Level 6 of the Lair of Beasts
  8394 | Lair:6   | Reached skill level 1 in Evocations
  8629 | Lair:6   | Reached ****** piety under Makhleb
  8676 | Lair:6   | Reached skill level 15 in Axes
  9526 | Spider:1 | Entered Level 1 of the Spider Nest
  9642 | Spider:1 | Reached skill level 10 in Fighting
  9687 | Spider:2 | Reached skill level 5 in Evocations
 10037 | D:9      | You fall into a shaft and drop 2 floors!
 10096 | D:11     | Noticed Josephine
 10107 | D:11     | Killed Josephine
 10269 | D:11     | Found Mije's General Store.
 10319 | D:11     | Noticed Fannar
 10330 | D:11     | Killed Fannar
 10398 | D:11     | Found Yhaubo's Magic Scroll Emporium.
 10405 | D:11     | Bought a scroll of enchant weapon for 112 gold pieces
 10408 | D:11     | Bought a scroll of remove curse for 45 gold pieces
 10408 | D:11     | Bought a scroll of fear for 52 gold pieces
 10408 | D:11     | Bought a scroll of identify for 30 gold pieces
 10408 | D:11     | Bought a scroll of identify for 30 gold pieces
 10408 | D:11     | Bought a scroll of identify for 30 gold pieces
 10861 | D:12     | Reached XP level 16. HP: 146/146 MP: 17/17
 10959 | D:12     | Found Beipne's General Store.
 10972 | D:12     | Bought a scroll of blinking for 135 gold pieces
 11931 | D:10     | Entered Level 10 of the Dungeon
 12343 | D:10     | Found a staircase to the Orcish Mines.
 12403 | Orc:1    | Entered Level 1 of the Orcish Mines
 12480 | Orc:2    | Entered Level 2 of the Orcish Mines
 12571 | Orc:2    | Found a staircase to the Elven Halls.
 12601 | Orc:2    | Found a roughly hewn altar of Beogh.
 12805 | Orc:2    | Reached skill level 16 in Axes
 12881 | Orc:2    | Found Byffor's Gadget Shoppe.
 12881 | Orc:2    | Found Laxtigh's Antique Weapon Boutique.
 12882 | Orc:2    | Found Tunenipn's Book Shop.
 12882 | Orc:2    | Found Posech's Distillery.
 12891 | Orc:2    | Bought a potion of heal wounds for 75 gold pieces
 12891 | Orc:2    | Bought a potion of mutation for 120 gold pieces
 12891 | Orc:2    | Bought a potion of haste for 150 gold pieces
 12891 | Orc:2    | Bought a potion of curing for 45 gold pieces
 12891 | Orc:2    | Bought a potion of curing for 45 gold pieces
 13254 | Swamp:1  | Entered Level 1 of the Swamp
 14044 | Swamp:4  | Entered Level 4 of the Swamp
 14253 | Swamp:4  | Reached skill level 17 in Axes
 14253 | Swamp:4  | Reached XP level 17. HP: 137/157 MP: 19/19
 14433 | Swamp:4  | HP: 6/157 [spectral swamp dragon[a ghost crab] (4)]
 14607 | Swamp:4  | Got a decaying rune of Zot
 14972 | Spider:4 | Entered Level 4 of the Spider Nest
 15342 | Spider:4 | Reached skill level 15 in Shields
 15371 | Spider:4 | Reached skill level 10 in Evocations
 15426 | Spider:4 | Reached skill level 15 in Invocations
 15443 | Spider:4 | Reached skill level 18 in Axes
 15487 | Spider:4 | Got a gossamer rune of Zot
 16324 | D:13     | Gained mutation: You passively map a large area around you.
                  | [Deep Dwarf growth]
 16324 | D:13     | Reached XP level 18. HP: 168/168 MP: 20/20
 17017 | D:13     | Found a portal to a secret trove of treasure.
 17413 | D:14     | Found a gate to the Vaults.
 17450 | Vaults:1 | Entered Level 1 of the Vaults
 17697 | Vaults:2 | Found Puokkuzif's General Store.
 17715 | Vaults:2 | Bought the +0 pair of gloves "Virer" {rPois rC+} for 363
                  | gold pieces
 17796 | Vaults:2 | Noticed Mara
 17799 | Vaults:2 | Noticed Flugslaktarn's illusion
 17806 | Vaults:2 | Killed Mara
 17884 | Vaults:2 | Noticed Frederick
 17897 | Vaults:2 | Killed Frederick
 17953 | Vaults:2 | Reached skill level 15 in Armour
 18511 | Vaults:4 | Noticed Margery
 18515 | Vaults:4 | Killed Margery
 18523 | Vaults:4 | Reached XP level 19. HP: 171/178 MP: 22/22
 18593 | Vaults:5 | Entered Level 5 of the Vaults
 18773 | Vaults:5 | Noticed an ancient lich
 18794 | Vaults:5 | Killed from afar by an ancient lich

Levels and vault maps discovered:
D:1:      dpeg_arrival_simpleton_a, layout_rooms
D:2:      layout_basic
D:3:      layout_basic, okawaru_gym_becter, first_ration,
          chequers_ecumenical_altar_simple_redux,
          chequers_serial_rivers_small_3, uniq_natasha
D:4:      layout_basic, minmay_temple_entry_proselytizer, kennysheep_nub
D:5:      layout_cave_pools, old_standard_altar, gup_sewer_entry_spiral,
          tgw_kikubaaqudgha
D:6:      layout_rooms, uniq_grinder, uniq_crazy_yiuf_cottage
D:7:      layout_basic, kennysheep_mini_moat, lightli_orcish_oven
D:8:      layout_cave_pods, nicolae_ru_the_path_less_chosen,
          nicolae_overflow_hidden_temple, david_lair_generic, serial_shops,
          shop_fountains
D:9:      layout_cave_pools, grunt_dithmenos_smoke_and_mirrors, minitemple,
          special_room [special_room_orc], hangedman_ranch
          [blue_anna_fruit_fields], lightli_church_of_beogh
D:10:     layout_loops_corners, hiddenorc1_lemuel
D:11:     layout_gridville, serial_shops, shop,
          nicolae_shop_competitors_out_of_business, corner_web_ring,
          uniq_fannar, uniq_josephine
D:12:     layout_basic, serial_shops, nicolae_shop_waterfront,
          minmay_protected_statue
D:13:     layout_layer_cave, nicolae_trove_entry_path_of_doom
D:14:     layout_roguey, david_vaults_2, chequers_serial_rivers_small_a,
          uniq_kirke
Temple:   oiseaux_autumnal_temple
Lair:1:   layout_big_grid, chequers_serial_rivers_large_b
Lair:2:   layout_loops_ring, swamp_mist, portal_ice_cave_entry_pillars_1
Lair:3:   layout_misc_corridors, grunt_megastairs_5
Lair:4:   layout_roguey, spider_nest_entry_a, nicolae_volcano_entry_batcave
Lair:5:   layout_big_grid, slime_altar_1, basic_altar, wad_woods_river_01
Lair:6:   evilmike_catoblepas_cave, layout_regular_city
Swamp:1:  cheibrodos_swamp_monstrosity, layout_basic_swamp,
          nicolae_swamp_round_clearing, swamp_pool5
Swamp:2:  layout_basic_swamp, evilmike_swamp_ruin_house_4
Swamp:3:  layout_basic_swamp, evilmike_swamp_ruin_house_1,
          infiniplex_staircase_pool
Swamp:4:  swamp, layout_basic_swamp
Spider:1: layout_spider_delve
Spider:2: layout_chambers, gammafunk_ghost_grave
Spider:3: layout_spider_delve
Spider:4: grunt_spider_rune_parallel
Orc:1:    cheibrodos_orc_bank, layout_caves, basic_altar, nicolae_orc_tapped_out
Orc:2:    st_orc_ogre_mass, layout_diamond_mine, basic_altar
Vaults:1: vaults_standard_mumra_enter_the_diamond, hangedman_vaults_river_flow,
          dpeg_vaults_monster_box, ontoclasm_vaults_hangar, vaults_room_fours,
          ontoclasm_vaults_chip, nicolae_vaults_sealed_display, v_misc_15,
          nicolae_vaults_angled_halls, nicolae_vaults_rhombus_5,
          ontoclasm_vaults_claustrophobia, grunt_vaults_diagonal,
          ontoclasm_vaults_pinch, ontoclasm_vaults_loading_screen,
          nicolae_vaults_murderbox, vaults_room_door_ring, layout_vaults_omnibox
Vaults:2: ebering_vaults_ghost_xom, v_misc_3, v_misc_19, vaults_dpeg_diagonal,
          vaults_dpeg_spiral, vaults_room_grid, vaults_room_door_ring,
          nicolae_vaults_shelves_hall, layout_vaults_quadrants, serial_shops,
          shop, uniq_frederick, uniq_mara
Vaults:3: nicolae_vaults_network_barrier, nicolae_vaults_little_squares_6,
          minmay_crypt_entry_necro_gods, hangedman_vaults_nails,
          v_alt_pattern_6, nicolae_vaults_circle_grid_b, v_misc_16, v_pattern_5,
          ontoclasm_vaults_chip, grunt_vaults_bifocal, vaults_standard_mumra_x,
          layout_vaults_big_room
Vaults:4: nicolae_vaults_twisting_passages, nicolae_vaults_specimen_jars,
          nicolae_vaults_little_squares_1, vaults_dpeg_hooks,
          ontoclasm_vaults_ring_small, v_misc_30, ontoclasm_vaults_gateway,
          ontoclasm_vaults_misaligned, nicolae_vaults_circle_grid_a,
          hangedman_vaults_slice, ontoclasm_vaults_fault,
          layout_vaults_omnicross, serial_shops, shop_coins, shop_fountains,
          shop, shop, uniq_margery
Vaults:5

Skill      XL: |  1  2  3  4  5  6  7  8  9 10 11 12 13 14 15 16 17 18 19 |
---------------+----------------------------------------------------------+-----
Fighting       | 3 4 5 6 7 9 10 11 13 | 13.9
Axes           | 3 4 5 6 7 9 11 12 14 15 17 18 | 18.0
Shields        | 4 5 6 7 8 9 10 12 13 14 15 16 17 | 17.4
Armour         | 4 5 6 7 8 9 10 11 12 13 15 16 | 16.1
Invocations    | 2 3 5 6 8 9 11 13 14 15 16 | 16.0
Dodging        | 4 5 6 |  6.0
Evocations     | 5 8 10 | 10.0

Action                   |  1- 3 |  4- 6 |  7- 9 | 10-12 | 13-15 | 16-18 | 19-21 || total
-------------------------+-------+-------+-------+-------+-------+-------+-------++-------
Melee: War axe           |    66 |    76 |   365 |       |       |       |       ||   507
       Unarmed           |       |     4 |       |       |       |       |       ||     4
       Broad axe         |       |       |    76 |   582 |   451 |  1164 |   141 ||  2414
Invok: Lesser Servant of |       |       |       |     6 |     1 |     1 |       ||     8
       Minor Destruction |       |       |       |     3 |       |       |       ||     3
       Greater Servant o |       |       |       |       |       |     1 |       ||     1
 Abil: Heal Wounds       |       |     4 |    13 |    19 |       |     4 |     1 ||    41
Evoke: Wand              |       |       |       |     7 |     3 |     4 |       ||    14
  Use: Scroll            |       |       |    14 |    10 |    11 |     6 |     2 ||    43
       Potion            |       |       |       |     6 |     2 |     6 |       ||    14
 Stab: Distracted        |       |       |       |       |     5 |    18 |     4 ||    27
  Eat: Chunk             |       |     1 |     7 |    12 |    12 |    23 |     1 ||    56
       Ration            |       |       |     1 |       |       |     1 |       ||     2
Armor: Scale mail        |    40 |    62 |   219 |    23 |       |       |       ||   344
       Skin              |       |     1 |       |       |       |       |       ||     1
       Plate armour      |       |       |       |   423 |   212 |    14 |       ||   649
       Chain mail        |       |       |       |       |       |   164 |    35 ||   199
       Swamp dragon scal |       |       |       |       |       |   161 |       ||   161
Dodge: Dodged            |    20 |    22 |   116 |   210 |    71 |   500 |    35 ||   974
Block: Shield            |    44 |    42 |   212 |   529 |       |       |       ||   827
       Large shield      |       |       |       |       |   522 |  1409 |   173 ||  2104
